 Dungeon Crawl Stone Soup version 0.28-a0-1087-gf3fc490d9d (webtiles) character file.

Game seed: 10298504740043862047

1732 ytrimaz the Insei (level 9, 0/53 HPs)
             Began as an Octopode Transmuter on Dec 10, 2021.
             Was an Initiate of Ashenzari.
             Succumbed to a killer bee's poison
             ... on level 6 of the Dungeon.
             The game lasted 00:07:39 (7733 turns).

ytrimaz the Insei (Octopode Transmuter)             Turns: 7733, Time: 00:07:39

Health: 0/53       AC:  5    Str:  9    XL:     9   Next: 5%
Magic:  4/15       EV: 13    Int: 19    God:    Ashenzari [......]
Gold:   295        SH:  0    Dex: 15    Spells: 7/17 levels left

rFire   . . .      SeeInvis +     - Unarmed
rCold   . . .      Faith    .   (no shield)
rNeg    + . .      Spirit   .   (helmet restricted)
rPois   .          Reflect  .   i - amulet of the acrobat
rElec   .          Harm     .   a - ring of see invisible
rCorr   .          Rampage  .   c - +4 ring of protection
Will    .....                   j - ring of positive energy
Stlth   ++........              (no ring)
HPRegen 0.17/turn               (no ring)
MPRegen 0.14/turn               (no ring)
                                (no ring)
                                (no ring)

@: lethally poisoned (0 -> -8), very slightly contaminated
A: almost no armour, amphibious, 8 rings, camouflage 1, gelatinous body 1,
(nimble swimmer 1), tentacles, beak, agile 1, deterioration 1, frail 1
a: Renounce Religion, Curse Item


You were on level 6 of the Dungeon.
You worshipped Ashenzari.
Ashenzari was noncommittal.
You visited 2 branches of the dungeon, and saw 7 of its levels.

You collected 295 gold pieces.

Inventory:

Jewellery
 a - a ring of see invisible (left tentacle)
 c - a +4 ring of protection (right tentacle)
 i - an amulet of the acrobat (around mantle)
 j - a ring of positive energy (on tentacle)
Wands
 f - a wand of acid (6)
 l - a wand of iceblast (5)
Scrolls
 e - 3 scrolls of immolation
 g - 3 scrolls of amnesia
 m - a scroll of enchant weapon
Potions
 b - 3 potions of flight
 d - 3 potions of attraction
 h - a potion of might
 k - a potion of haste
 p - 2 potions of brilliance {unknown}
 q - a potion of ambrosia {unknown}


   Skills:
 * Level 4.3 Fighting
 - Level 2.0 Dodging
 + Level 7.4 Unarmed Combat
 * Level 4.6 Spellcasting
 * Level 4.9 Transmutations
 + Level 0.4 Ice Magic
 * Level 4.8 Poison Magic


You had 7 spell levels left.
You knew the following spells:

 Your Spells              Type           Power      Damage    Failure   Level
a - Beastly Appendage     Tmut           46%        N/A       1%          1
b - Wereblood             Tmut           23%        N/A       2%          2
c - Spider Form           Tmut/Pois      22%        N/A       5%          3
d - Ice Form              Ice/Tmut       14%        N/A       41%         4

Your spell library contained the following spells:

 Spells                   Type           Power      Damage    Failure   Level
 Sublimation of Blood     Necr           4%         N/A       21%         2
 Summon Hydra             Summ           2%         N/A       100%        7


Dungeon Overview and Level Annotations

Branches:
Dungeon (6/15)             Temple (1/1) D:5

Altars:
Ashenzari
Cheibriados
Elyvilon
Fedhas
Gozag
Hepliaklqana
Kikubaaqudgha
Nemelex Xobeh
Okawaru
Qazlal
Ru
Sif Muna
Trog
Uskayaw
Vehumet
Wu Jian
Xom
Yredelemnul
Zin
The Shining One


Innate Abilities, Weirdness & Mutations

You cannot wear most types of armour.
You are amphibious.
You can wear up to eight rings at the same time.
Your skin changes colour to match your surroundings (Stealth+).
Your rubbery body absorbs attacks. (AC +1, EV +1)
((You are camouflaged near water. (Stealth+)))
You have tentacles for arms and can constrict up to eight enemies at once.
You have a beak for a mouth.
You are agile. (Dex +2)
Your body sometimes deteriorates upon taking damage.
You are frail. (-10% HP)


Message History

You feel sick. The killer bee closely misses you.
Unknown command.
You are too injured to fight recklessly!
Unknown command.
You miss the killer bee. Your grab misses the killer bee.
The killer bee is moderately wounded.
You feel sick.
The killer bee stings you but does no damage. x2
You closely miss the killer bee. Your grab misses the killer bee.
Your squeeze misses the killer bee.
The killer bee is moderately wounded.
You feel sick. The killer bee closely misses you. The killer bee stings you!
* * * LOW HITPOINT WARNING * * *
Unknown command.
You tentacle-slap the killer bee. Your grab misses the killer bee.
Your squeeze misses the killer bee.
The killer bee is severely wounded.
* * * LOW HITPOINT WARNING * * *
You feel sick. The killer bee barely misses you. x2
Unknown command.
You feel better. The killer bee closely misses you.
The killer bee stings you but does no damage.
Unknown command.
You barely miss the killer bee. Your grab misses the killer bee.
The killer bee is severely wounded.
The killer bee stings you.
* * * LOW HITPOINT WARNING * * *
Unknown command.
You barely miss the killer bee. Your grab misses the killer bee.
The killer bee is severely wounded.
The killer bee misses you. The killer bee stings you.
* * * LOW HITPOINT WARNING * * *
You are lethally poisoned!
The killer bee poisons you!
Unknown command.
Okay, then.
It was a potion of mutation.
You feel extremely strange.
You feel agile.
You feel frail.
You feel yourself wasting away.
Your mouth lengthens and hardens into a beak!
You die...

..................
..........#.####..
#...####..^......#
.......+.........#
....####.........#
....# #†........#
....# #.......).#
.#### #.......y†#
.# #........@# .#
########### .###
...# ...# ...#
...# ...# ...#


You could see a killer bee.

Vanquished Creatures
  A hornet (D:5)
  A water moccasin (D:5)
  Duvessa (D:4)
  2 necrophages (D:4)
  An ogre (D:4)
  A centaur (D:5)
  Blork the orc (D:5)
  A kobold brigand (D:6)
  A scorpion (D:5)
  Dowan (D:4)
  4 killer bees (D:6)
  2 bullfrog zombies (D:5)
  A jelly (D:5)
  2 hounds (D:5)
  A centaur skeleton (D:4)
  2 iguanas
  Jessica (D:2)
  Terence (D:2)
  Ijyb (D:4)
  An orc wizard (D:6)
  A hound skeleton (D:4)
  A mummy (D:4)
  3 gnolls (D:3)
  10 adders
  A worm (D:2)
  2 dart slugs
  16 orcs
  4 endoplasms
  2 giant cockroaches (D:1)
  14 goblins
  5 hobgoblins
  5 jackals
  5 quokkas (D:3)
  12 ball pythons
  2 bats
  4 frilled lizards
  A hobgoblin zombie (D:4)
  9 kobolds
  2 kobold zombies (D:4)
  An orc zombie (D:4)
  6 rats
133 creatures vanquished.

Notes
Turn   | Place    | Note
-------+----------+-------------------------------------------
     0 | D:1      | ytrimaz the Octopode Transmuter began the quest for the
                  | Orb.
     0 | D:1      | Reached XP level 1. HP: 13/13 MP: 3/3
   258 | D:1      | Reached XP level 2. HP: 12/18 MP: 5/5
   349 | D:1      | Learned a level 2 spell: Wereblood
   789 | D:1      | Noticed a golden eye
   792 | D:1      | Found a faded altar of an unknown god.
   794 | D:1      | Noticed a great orb of eyes
   794 | D:1      | Noticed a shining eye
   794 | D:1      | Noticed a floating eye
  1190 | D:2      | Reached XP level 3. HP: 19/23 MP: 4/6
  1194 | D:2      | Learned a level 3 spell: Spider Form
  1729 | D:2      | Reached XP level 4. HP: 24/28 MP: 7/7
  1846 | D:2      | Noticed Jessica
  1851 | D:2      | Killed Jessica
  1852 | D:2      | Reached skill level 4 in Unarmed Combat
  1973 | D:2      | Reached skill level 1 in Poison Magic
  1982 | D:2      | Noticed Terence
  1993 | D:2      | Killed Terence
  1994 | D:2      | Reached XP level 5. HP: 9/34 MP: 7/9
  2878 | D:3      | Found a glowing silver altar of Zin.
  3132 | D:3      | Found a radiant altar of Vehumet.
  4013 | D:4      | Noticed Duvessa
  4013 | D:4      | Noticed a necrophage
  4052 | D:4      | Killed Duvessa
  4053 | D:4      | Reached XP level 6. HP: 5/41 MP: 6/10
  4070 | D:4      | Noticed Dowan
  4342 | D:4      | Learned a level 4 spell: Ice Form
  4380 | D:4      | Reached skill level 5 in Unarmed Combat
  4437 | D:4      | Found a bloodstained altar of Trog.
  4437 | D:4      | Found a glowing golden altar of the Shining One.
  4634 | D:4      | Killed Dowan
  4649 | D:4      | Reached XP level 7. HP: 14/45 MP: 9/12
  4964 | D:4      | Found a snail-covered altar of Cheibriados.
  4967 | D:4      | Found a shimmering blue altar of Sif Muna.
  5708 | D:4      | Noticed Ijyb
  5730 | D:4      | Killed Ijyb
  6014 | D:5      | Entered Level 5 of the Dungeon
  6018 | D:5      | Found a staircase to the Ecumenical Temple.
  6020 | D:5      | Noticed Blork the orc
  6027 | Temple   | Entered the Ecumenical Temple
  6034 | Temple   | Became a worshipper of Ashenzari the Shackled
  6053 | D:5      | Killed Blork the orc
  6054 | D:5      | Reached skill level 6 in Unarmed Combat
  6107 | D:5      | Reached XP level 8. HP: 49/52 MP: 10/13
  6467 | D:5      | Found a blossoming altar of Fedhas.
  6664 | D:5      | Found a white marble altar of Elyvilon.
  6707 | D:5      | Noticed a hornet
  6715 | D:5      | Killed a hornet
  6716 | D:5      | Reached skill level 7 in Unarmed Combat
  7029 | D:5      | Identified the -2 pair of gloves "Fopo" {Str+4 Dex+3}
  7724 | D:6      | Reached XP level 9. HP: 25/59 MP: 3/15
  7732 | D:6      | HP: 1/59 [killer bee (2)]
  7733 | D:6      | Gained mutation: You are agile. (Dex +2) [potion of
                  | mutation]
  7733 | D:6      | Gained mutation: You are frail. (-10% HP) [potion of
                  | mutation]
  7733 | D:6      | Gained mutation: Your body sometimes deteriorates upon
                  | taking damage. [potion of mutation]
  7733 | D:6      | Gained mutation: You have a beak for a mouth. [potion of
                  | mutation]
  7733 | D:6      | Succumbed to a killer bee's poison

Illustrated notes

Levels and vault maps discovered:
D:1:      sevenhm_arrival_forest_fort_small_3, layout_rooms,
          hellmonk_ecumenical_altar_watching_god, kennysheep_another_room
D:2:      layout_loops_ring, uniq_terence, uniq_jessica
D:3:      layout_loops_corners, nicolae_vehumet_altar_sigil, zin_academy,
          chequers_serial_rivers_micro_d, serial_park_tiny_1,
          minmay_misc_feat_secret_circle, kennysheep_generic_room_13
D:4:      kennysheep_goblin_castle, layout_cave_pools,
          mainiacjoe_overflow_catch_the_wave,
          mainiacjoe_overflow_large_starburst, amcnicky_mini_corridor_feature,
          minmay_mini_ossuary, uniq_duvessa
D:5:      layout_loops_ring, elyvilon_altar_1, fedhas_altar_1,
          minmay_temple_entry_grid, hex_large, eino_tiny_chamber,
          uniq_blork_the_orc
D:6:      layout_basic, serial_shops, shop
Temple:   nicolae_temple_no_exploring_needed

Skill      XL: |  1  2  3  4  5  6  7  8 |
---------------+-------------------------+-----
Unarmed Combat | 4 5 6 7 |  7.4
Poison Magic   | 1 2 3 4 |  4.8
Fighting       | 2 3 4 |  4.3
Spellcasting   | 3 4 |  4.6
Transmutations | 3 4 |  4.9
Dodging        | |  2.0
Ice Magic      | |  0.4

Action                   |  1- 3 |  4- 6 |  7- 9 || total
-------------------------+-------+-------+-------++-------
Melee: Unarmed           |    76 |   155 |   156 ||   387
       Constrict         |    15 |    33 |    18 ||    66
       Tentacles         |    13 |    18 |    20 ||    51
       Punch             |     2 |     4 |     5 ||    11
       Kick              |     3 |     7 |     5 ||    15
 Cast: Beastly Appendage |     6 |     5 |     4 ||    15
       Spider Form       |       |     5 |     7 ||    12
       Wereblood         |       |     1 |     1 ||     2
       Ice Form          |       |       |     1 ||     1
Evoke: Wand              |       |       |     2 ||     2
  Use: Scroll            |     2 |     6 |     1 ||     9
       Potion            |       |     2 |     5 ||     7
 Stab: Sleeping          |     5 |     7 |     2 ||    14
       Invisible         |       |       |     3 ||     3
Armor: Skin              |     8 |    32 |    29 ||    69
Dodge: Dodged            |    40 |    91 |   134 ||   265

Table legend: (Time is in decaauts)
 A = Elapsed time spent in this place.
 B = Non-inter-level travel time spent in this place.
 C = Inter-level travel time spent in this place.
 D = Time resting spent in this place.
 E = Time spent auto-exploring this place.
 F = Levels seen in this place.
 G = Mean time per level.
                   A        B        C        D        E       F      G
               +--------+--------+--------+--------+--------+-----+--------+
         Total |   7697 |   7532 |    165 |    767 |   5524 |   7 | 1099.6 |
       Dungeon |   7680 |   7515 |    165 |    767 |   5524 |   6 | 1280.0 |
        Temple |     17 |     17 |      0 |      0 |      0 |   1 |   17.0 |
               +--------+--------+--------+--------+--------+-----+--------+

Top non-repeatable levels by time:
     D:4: 2047 daAuts
     D:2: 1604 daAuts
     D:3: 1413 daAuts
     D:5: 1170 daAuts
     D:1: 1132 daAuts
     D:6: 311 daAuts
  Temple: 17 daAuts
